 Dungeon Crawl Stone Soup version 0.23-a0-33-g1e3a2e4e2f (webtiles) character file.

793 Salalmander the Skirmisher (level 7, 0/46 HPs)
             Began as a Gargoyle Fighter on Aug 5, 2018.
             Slain by an iron imp (3 damage)
             ... summoned by Eustachio
             ... on level 5 of the Dungeon.
             The game lasted 00:14:09 (4976 turns).

Salalmander the Skirmisher (Gargoyle Fighter)       Turns: 4976, Time: 00:14:10

Health: 0/46       AC: 17    Str: 21      XL:     7   Next: 88%
Magic:  7/7        EV:  4    Int:  9      God:
Gold:   529        SH:  9    Dex:  8 (9)  Spells: 6/6 levels left

rFire    + . .     SeeInvis .   a - +1 flail
rCold    . . .     Gourm    .   c - +0 shield
rNeg     + . .     Faith    .   w - +0 plate armour
rPois    ∞         Spirit   .   (no helmet)
rElec    +         Reflect  .   (no cloak)
rCorr    .         Harm     .   (no gloves)
MR       .....                  (no boots)
Stlth    ..........             (no amulet)
HPRegen  0.15/turn              k - ring of protection from cold
MPRegen  0.10/turn              h - ring of fire

@: no status effects
A: negative energy resistance 1, electricity resistance, unbreathing,
petrification resistance, rot immunity, AC +4
a: no special abilities


You were on level 5 of the Dungeon.
You were hungry.

You visited 1 branch of the dungeon, and saw 5 of its levels.
You also visited: Ossuary.

You collected 529 gold pieces.

Inventory:

Hand Weapons
 a - a +1 flail (weapon)
Armour
 b - a +0 scale mail
 c - a +0 shield (worn)
 n - a cursed +0 ring mail
 w - a +0 plate armour (worn)
Jewellery
 h - a ring of fire (right hand)
 k - a ring of protection from cold (left hand)
Wands
 g - a wand of random effects (22)
 u - a wand of iceblast (7)
Scrolls
 d - 2 scrolls of identify
 e - 2 scrolls of fear
 s - a scroll of teleportation {unknown}
 v - a scroll of enchant weapon
Potions
 i - a potion of brilliance {unknown}
 j - a potion of resistance {unknown}
 l - a potion of agility {unknown}
 m - a potion of flight {unknown}
 o - a potion of magic {unknown}
 p - a potion of heal wounds {unknown}
 q - a potion of curing {unknown}
 r - 2 potions of degeneration {unknown}
Comestibles
 f - 11 rations


   Skills:
 * Level 6.2 Fighting
 * Level 5.3 Maces & Flails
 + Level 5.0 Armour
 + Level 5.0 Shields


You had 6 spell levels left.
You didn't know any spells.
Your spell library contained the following spells:

 Spells                   Type           Power        Failure   Level  Hunger
 Confuse                  Hex            #.......     100%        3    ####...
 Tukima's Dance           Hex            #.......     100%        3    ####...
 Ensorcelled Hibernation  Hex/Ice        #.....       100%        2    ###....
 Corona                   Hex            #......      100%        1    ##.....
 Dazzling Spray           Conj/Hex       #.....       100%        3    ####...


Dungeon Overview and Level Annotations

Branches:
Dungeon (5/15)
 Temple: D:4-7

Altars:
Dithmenos
Makhleb
Okawaru
Ru
Uskayaw
Vehumet
Yredelemnul

Annotations:
D:5 Eustachio


Innate Abilities, Weirdness & Mutations

You are resistant to torment.
Your stone body is resilient. (AC +4)
You are immune to poison.
You resist negative energy. (rN+)
You are resistant to electric shocks. (rElec)
You can survive without breathing.
You are immune to petrification.
You are immune to rotting.


Message History

The white imp gestures at you. The puff of frost misses you.
The puff of frost hits the rat.
The rat dies!
The rat's corpse disappears in a puff of smoke!
The iron imp disappears in a puff of smoke!
The bat hits you but does no damage. You block the bat's attack.
Eustachio mumbles some strange words.
The white imp hits you but does no damage.
You hit Eustachio.
Eustachio is almost dead.
You block the bat's attack. x2; The iron imp hits you.
* * * LOW HITPOINT WARNING * * *
Eustachio barely misses you.
The shadow imp hits you but does no damage.
The white imp barely misses you.
Your shield and plate armour prevent you from hitting Eustachio.
Eustachio is almost dead.
You block the bat's attack. You block Eustachio's attack.
The iron imp hits you.
You die...

...#...#..)............#
...#...#...............#
...#...#..............%#
...#...#....##...##....#
####...#....##...##....#
#....#....#..........#
#....#....#....#######
#....#....'..55#*,,,,*
#....#....##b5@#*,,,,*
#....#....##.b@#*,,,,*
##...+......b.r.+,,,,*
##...#..........#,,,,*
#....#..........#,,,,*
#....#....!.....#,,,,*
#....#..........#,,,,*
#..>.#,.........#,,,,*
######****************


You could see Eustachio, an iron imp, a white imp, a shadow imp, a quokka and 3
bats.

Vanquished Creatures
  2 phantoms
  A crimson imp (D:5)
  2 orc priests (D:5)
  A gnoll shaman (D:4)
  A bullfrog skeleton (D:4)
  An iguana (D:5)
  5 worker ants
  3 big kobold zombies (Ossuary)
  2 mummies (Ossuary)
  Robin (D:4)
  4 gnolls (D:4)
  7 adders
  An ooze (D:2)
  7 worms
  2 dart slugs
  A leopard gecko (D:2)
  7 orcs
  3 giant cockroaches
  3 gnoll zombies (Ossuary)
  11 hobgoblins
  6 jackals
  3 quokkas
  2 ball pythons
  7 bats
  5 frilled lizards
  18 goblins
  4 goblin zombies (Ossuary)
  A hobgoblin zombie (Ossuary)
  8 kobolds
  3 orc zombies (Ossuary)
  A quokka skeleton (D:4)
  A quokka zombie (D:5)
  7 rats
131 creatures vanquished.

Notes
Turn   | Place    | Note
-------+----------+-------------------------------------------
     0 | D:1      | Salalmander the Gargoyle Fighter began the quest for the Orb.
     0 | D:1      | Reached XP level 1. HP: 14/14 MP: 1/1
   198 | D:1      | Reached XP level 2. HP: 18/19 MP: 2/2
   562 | D:2      | Reached XP level 3. HP: 24/24 MP: 3/3
   933 | D:2      | Reached skill level 4 in Fighting
   994 | D:2      | Reached XP level 4. HP: 29/29 MP: 4/4
  1839 | D:3      | Reached XP level 5. HP: 33/33 MP: 5/5
  2338 | D:4      | Noticed Robin
  2373 | D:4      | Killed Robin
  2881 | D:4      | Noticed a phantom
  2903 | D:4      | Killed a phantom
  2903 | D:4      | Reached skill level 5 in Fighting
  2903 | D:4      | Reached XP level 6. HP: 27/40 MP: 6/6
  3306 | D:4      | Found a hide-covered altar of Uskayaw.
  3308 | D:4      | Found an iron altar of Okawaru.
  3308 | D:4      | Found a radiant altar of Vehumet.
  3309 | D:4      | Found a burning altar of Makhleb.
  3309 | D:4      | Found a basalt altar of Yredelemnul.
  3312 | D:4      | Found a sacrificial altar of Ru.
  3327 | D:4      | Found a shadowy altar of Dithmenos.
  3426 | D:4      | Reached XP level 7. HP: 21/44 MP: 7/7
  3638 | D:5      | Entered Level 5 of the Dungeon
  3933 | D:5      | Found a sand-covered staircase.
  3938 | Ossuary  | Entered an ossuary
  4449 | D:5      | Reached skill level 6 in Fighting
  4449 | D:5      | Reached skill level 5 in Maces & Flails
  4893 | D:5      | Noticed Eustachio
  4930 | D:5      | Reached skill level 5 in Armour
  4930 | D:5      | Reached skill level 5 in Shields
  4976 | D:5      | Slain by an iron imp

Vault maps used:
D:1:      wheals_arrival_shading
D:2:      first_ration
D:4:      grunt_temple_overflow_octagram, serial_shops, nicolae_shop_crystal,
          corexii_item_surrounded_by_moat, uniq_robin
D:5:      nicolae_ossuary_entry_plus, uniq_eustachio
Ossuary:  minmay_ossuary_gauntlet

Skill      XL: |  1  2  3  4  5  6  7 |
---------------+----------------------+-----
Fighting       | 4 5 6 |  6.2
Maces & Flails | 3 4 5 |  5.3
Shields        | 4 5 |  5.0
Armour         | 4 5 |  5.0

Action                   |  1- 3 |  4- 6 |  7- 9 || total
-------------------------+-------+-------+-------++-------
Melee: Flail             |   163 |   237 |   186 ||   586
  Use: Scroll            |       |     6 |     1 ||     7
       Potion            |       |     1 |       ||     1
  Eat: Chunk             |     1 |     8 |     1 ||    10
       Ration            |       |       |     1 ||     1
Armor: Scale mail        |   116 |   155 |   120 ||   391
       Plate armour      |       |       |   170 ||   170
Dodge: Dodged            |    73 |    68 |   103 ||   244
Block: Shield            |   110 |   133 |   194 ||   437

Table legend:
 A = Spawn XP
 B = Non-spawn XP
 C = Spawn XP percentage of total XP
 D = Spawn monster count
 E = Non-spawn monster count
 F = Spawn count percentage of total count
 G = Total turns spent on level
                    A         B        C        D         E        F      G
               +---------+---------+-------+---------+---------+-------+---------
         Total |       0 |    1133 |   0.0 |       0 |     131 |   0.0 |  4976
               +---------+---------+-------+---------+---------+-------+---------
           D:1 |       0 |      29 |   0.0 |       0 |      19 |   0.0 |   522
           D:2 |       0 |     112 |   0.0 |       0 |      33 |   0.0 |  1123
           D:3 |       0 |      51 |   0.0 |       0 |      19 |   0.0 |   580
           D:4 |       0 |     448 |   0.0 |       0 |      30 |   0.0 |  1413
           D:5 |       0 |     366 |   0.0 |       0 |      14 |   0.0 |   998
       Ossuary |       0 |     127 |   0.0 |       0 |      16 |   0.0 |   340
               +---------+---------+-------+---------+---------+-------+---------
